 Dungeon Crawl Stone Soup version 0.23-a0-207-g93a313e (webtiles) character file.

57 amgonnakillyou the Ducker (level 3, -7/15 HPs)
             Began as a Felid Transmuter on Sept 24, 2018.
             Mangled by a gnoll
             ... wielding a +0 flail
              (13 damage)
             ... on level 2 of the Dungeon on Sept 25, 2018.
             The game lasted 00:15:53 (2201 turns).

amgonnakillyou the Ducker (Felid Transmuter)        Turns: 2201, Time: 00:15:54

Health: -7/15      AC:  1    Str:  6    XL:     3   Next: 73%
Magic:  3/7        EV: 19    Int: 14    God:
Gold:   88         SH:  0    Dex: 17    Spells: 3/6 levels left
                                        Lives:  0   Deaths: 0

rFire    . . .     SeeInvis +     - Unarmed
rCold    . . .     Gourm    .   (shield unavailable)
rNeg     . . .     Faith    .   (armour unavailable)
rPois    .         Spirit   .   (helmet unavailable)
rElec    .         Reflect  .   (cloak unavailable)
rCorr    .         Harm     .   (gloves unavailable)
MR       .....                  (boots unavailable)
Stlth    +++.......             (no amulet)
HPRegen  0.05/turn              (no ring)
MPRegen  0.10/turn              (no ring)

@: appendage (expiring), quick
A: very small, no armour, no weapons or thrown items, stealth, claws 1, fangs 3,
horns 2, see invisible, carnivore, speed 1, shaggy fur 1, slow metabolism 1,
sharp paws
a: End Transformation


You were on level 2 of the Dungeon.
You were completely stuffed.
You had grown temporary horns.
You visited 1 branch of the dungeon, and saw 2 of its levels.

You collected 88 gold pieces.

Inventory:

Missiles
 a - 8 arrows
 b - 8 needles of frenzy
 d - 8 poisoned needles
 g - 70 stones
Armour
 p - a +1 naga barding
Jewellery
 e - an uncursed ring of see invisible {unknown}
Scrolls
 h - 2 scrolls of fog {unknown}
 i - 2 scrolls of remove curse {unknown}
 n - 2 scrolls of identify {unknown}
 o - a scroll of enchant weapon {unknown}
Potions
 f - 2 potions of curing {unknown}
 j - a potion of degeneration {unknown}
 k - a potion of might {unknown}
 l - 2 potions of cancellation {unknown}
Comestibles
 c - 5 rations
 m - a chunk of flesh


   Skills:
 + Level 1.6 Fighting
 * Level 3.5 Dodging
 * Level 2.2 Stealth
 + Level 3.1 Unarmed Combat
 + Level 2.2 Spellcasting
 * Level 2.8 Transmutations


You had 3 spell levels left.
You knew the following spells:

 Your Spells              Type           Power        Failure   Level  Hunger
a - Beastly Appendage     Tmut           #.....       8%          1    #......
b - Sticks to Snakes      Tmut           #.......     11%         2    ###....

Your spell library contained the following spells:

 Spells                   Type           Power        Failure   Level  Hunger
 Spider Form              Tmut/Pois      #.........   36%         3    ###....
 Ice Form                 Ice/Tmut       #.......     78%         4    #####..
 Blade Hands              Tmut           #.........   90%         5    ######.


Dungeon Overview and Level Annotations

Branches:
Dungeon (2/15)

Altars:


Innate Abilities, Weirdness & Mutations

You cannot wear armour.
You are incapable of wielding weapons or throwing items.
Your paws allow you to move quietly. (Stealth)
You have sharp claws.
You have razor-sharp teeth.
You have supernaturally acute eyesight. (SInv)
You are carnivorous and can eat meat at any time.
You cover ground quickly.
You are covered in fur. (AC +1)
You have a slow metabolism.
Your sharp claws are effective at attacking unaware monsters.
You have a pair of horns on your head.


Message History

Your ball python bites the gnoll but does no damage.
The gnoll hits your ball python with a club.
Your ball python dies!
The gnoll barely misses your ball python.
The gnoll shouts!
Your ball python bites the gnoll.
The gnoll dies!
The gnoll hits your ball python with a flail!
Your ball python dies!
You closely miss the gnoll. You bite the gnoll, but do no damage.
The gnoll hits you with a whip!
Ouch! That really hurt!
You scratch the gnoll but do no damage. Your headbutt misses the gnoll.
Your transformation is almost over.
The gnoll barely misses you.
You scratch the gnoll but do no damage. The gnoll hits you with a whip.
You barely miss the gnoll. Your bite misses the gnoll.
The gnoll hits you with a flail!
Ouch! That really hurt!
You die...

#............##......# #.##
#....(.......##......# #...
#............##......# #...
#....%.......##.....[# #...
#............##......# #...
#....).......##..รท...# ###...
#............##......####.....
#...........g......###.....###
#...........g@.....'.'.....# #
############.......###.....# #
#.......# #.....# # #.......#
#.....# # #.......# #.....# #
######### #.....# # #.....# #
#.....# # #.....# #


You could see 2 gnolls.

Vanquished Creatures
  An adder (D:2)
  A worm (D:2)
  2 dart slugs (D:1)
  A leopard gecko (D:1)
  6 bats
  A giant cockroach (D:1)
  4 goblins
  A hobgoblin (D:1)
  A ball python (D:1)
  2 frilled lizards
  10 kobolds
  6 rats
36 creatures vanquished.

Vanquished Creatures (collateral kills)
  A gnoll (D:2)
  A hobgoblin (D:2)
2 creatures vanquished.

Grand Total: 38 creatures vanquished

Notes
Turn   | Place    | Note
-------+----------+-------------------------------------------
     0 | D:1      | amgonnakillyou the Felid Transmuter began the quest for the
                  | Orb.
     0 | D:1      | Reached XP level 1. HP: 9/9 MP: 4/4
   292 | D:1      | Reached skill level 1 in Stealth
   292 | D:1      | Reached XP level 2. HP: 12/12 MP: 4/6
   296 | D:1      | Learned a level 2 spell: Sticks to Snakes
  1785 | D:2      | Reached XP level 3. HP: 15/15 MP: 5/7
  2201 | D:2      | Mangled by a gnoll

Vault maps used:
D:1:      dpeg_arrival_radiant

Skill      XL: |  1  2  3 |
---------------+----------+-----
Dodging        | 3 |  3.5
Stealth        | 1 2 |  2.2
Fighting       | |  1.6
Unarmed Combat | |  3.1
Spellcasting   | |  2.2
Transmutations | |  2.8

Action                   || total
-------------------------++-------
Melee: Unarmed           ||    83
       Headbutt          ||     8
       Punch             ||     1
       Bite              ||     3
 Cast: Beastly Appendage ||    23
       Sticks to Snakes  ||     4
 Stab: Sleeping          ||    10
       Distracted        ||     1
  Eat: Chunk             ||    10
Armor: Skin              ||     4
Dodge: Dodged            ||    53

Table legend:
 A = Non-vault XP
 B = Vault XP
 C = Vault XP percentage of total XP
 D = Non-vault monster count
 E = Vault monster count
 F = Vault count percentage of total count
                 A         B        C        D         E       F
            +---------+---------+-------+---------+---------+-------
      Total |      82 |       0 |   0.0 |      38 |       0 |   0.0
            +---------+---------+-------+---------+---------+-------
        D:1 |      36 |       0 |   0.0 |      22 |       0 |   0.0
        D:2 |      46 |       0 |   0.0 |      16 |       0 |   0.0
            +---------+---------+-------+---------+---------+-------
